 Dungeon Crawl Stone Soup version 0.31-a0-859-g9dce7d3444 (webtiles) character file.

Game seed: 302417801862003413

2936 Kurtz the Cleaver (level 9, -1/82 HPs)
             Began as a Naga Delver on Oct 9, 2023.
             Slain by a yak (9 damage)
             ... on level 7 of the Dungeon.
             The game lasted 00:08:54 (6895 turns).

Kurtz the Cleaver (Naga Delver)                     Turns: 6895, Time: 00:08:54

Health: -1/82      AC: 12    Str: 20    XL:     9   Next: 80%
Magic:  9/9        EV:  5    Int:  6    God:
Gold:   439        SH:  0    Dex: 14    Spells: 8/8 levels left

rFire   . . .        r - +3 hand axe of the Nurturing Augurer {heavy, rN+}
rCold   + + .        (no shield)
rNeg    + . .        B - +0 plate armour
rPois   +            (no helmet)
rElec   .            (no cloak)
rCorr   .            s - +1 pair of gloves of Hedge Wizardry {rC+ Str+3 Int-5 Stlth+}
SInv    +            (no barding)
Will    +....        e - amulet of the acrobat Stlth
                     p - ring of protection from cold
HPRegen 0.33/turn    (no ring)
MPRegen 0.11/turn

%: acrobat
@: very slow
A: AC +3, large, see invisible, deformed body, poison resistance, slowness 2,
spit poison 1, naga tail 1
a: Spit Poison


You were on level 7 of the Dungeon.
You visited 2 branches of the dungeon, and saw 9 of its levels.

You collected 439 gold pieces.

Inventory:

Hand Weapons
 a - the +9 trident "Cairphat" {flame, rElec Dex+3 SInv Stlth+}
   (You found it on level 5 of the Dungeon)

   Dex+3:     It affects your dexterity (+3).
   rElec:     It insulates you from electricity.
   SInv:      It lets you see invisible.
   Stlth+:    It makes you more stealthy.
 k - a +2 whip of venom
 r - the +3 hand axe of the Nurturing Augurer (weapon) {heavy, rN+}
   (You found it on level 2 of the Dungeon)

   rN+:       It protects you from negative energy.
 E - a +1 heavy hand axe
Missiles
 j - 13 boomerangs
 n - 7 poisoned darts
 G - 4 javelins
Armour
 s - the +1 pair of gloves of Hedge Wizardry (worn) {rC+ Str+3 Int-5 Stlth+}
   (You found it on level 2 of the Dungeon)

   Str+3:     It affects your strength (+3).
   Int-5:     It affects your intelligence (-5).
   rC+:       It protects you from cold.
   Stlth+:    It makes you more stealthy.
 B - a +0 plate armour (worn)
Jewellery
 e - an amulet of the acrobat (around neck)
 l - a +6 ring of intelligence
 p - a ring of protection from cold (left hand)
 w - an amulet of regeneration
 A - an amulet of faith
 D - a +6 ring of intelligence
 F - a ring of magical power
Wands
 g - a wand of digging (3)
 t - a wand of mindburst (10) (quivered)
 z - a wand of iceblast (9)
Scrolls
 c - 3 scrolls of fog
 d - 4 scrolls of revelation
 h - a scroll of vulnerability {unknown}
 i - 7 scrolls of identify {unknown}
 m - 4 scrolls of amnesia {unknown}
 o - a scroll of enchant armour {unknown}
 u - a scroll of enchant weapon {unknown}
 v - 2 scrolls of fear
 x - 2 scrolls of teleportation {unknown}
 y - 2 scrolls of silence {unknown}
Potions
 b - a potion of lignification {unknown}
 f - 4 potions of haste
 q - 2 potions of curing
 C - a potion of brilliance {unknown}


   Skills:
 * Level 6.0 Fighting
 - Level 9.2 Axes
 * Level 5.8 Armour
 * Level 3.6 Dodging
 - Level 7.2 Stealth


You had 8 spell levels left.
You didn't know any spells.
Your spell library contained the following spells:

 Spells                   Type           Power      Damage    Failure   Level
 Necrotise                Necr           0%         1d4       100%        1
 Tukima's Dance           Hex            0%         N/A       100%        3
 Vampiric Draining        Necr           0%         2d6       100%        3
 Passage of Golubria      Tloc           0%         N/A       100%        4
 Agony                    Necr           0%         N/A       100%        5
 Yara's Violent Unravell  Hex/Tmut       0%         3d3       100%        5


Dungeon Overview and Level Annotations

Branches:
Dungeon (8/15)             Temple (1/1) D:5
   Lair: D:8-11

Altars:
Ashenzari
Cheibriados
Elyvilon
Fedhas
Hepliaklqana
Makhleb
Nemelex Xobeh
Okawaru
Qazlal
Sif Muna
Trog
Vehumet
Wu Jian
Xom
Yredelemnul
The Shining One


Innate Abilities, Weirdness & Mutations

Your serpentine skin is tough. (AC +3)
You have supernaturally acute eyesight. (SInv)
Armour fits poorly on your strangely shaped body.
Your system is resistant to poisons. (rPois)
You cover ground very slowly.
You can spit poison.
You have a snake-like lower body.


Message History

The yak barely misses you.
You climb upwards.
There is a stone staircase leading down here.
You slice the yak!!
The yak is heavily wounded.
You hit the yak. The yak gores you. x3
Unknown command.
You slice the yak!!
The yak is almost dead.
You hit the yak. The yak barely misses you. The yak gores you.
Unknown command.
You barely miss the yak.
The yak is almost dead.
You slash the yak! The yak gores you but does no damage. The yak gores you!
The yak gores you.
You closely miss the yak.
The yak is almost dead.
You hit the yak. The yak gores you but does no damage. The yak gores you! x2
Unknown command.
You are too injured to fight recklessly!
You barely miss the yak.
The yak is heavily wounded.
You barely miss the yak. The yak gores you! The yak gores you.
* * * LOW HITPOINT WARNING * * *
You are too injured to fight recklessly!
Unknown command.
You are too injured to fight recklessly!
You hit the yak.
The yak is heavily wounded.
You slash the yak!
You kill the yak!
The yak gores you!
* * * LOW HITPOINT WARNING * * *
Your Fighting skill increases to level 6!
You slash the yak!
The yak is severely wounded.
The yak gores you.
* * * LOW HITPOINT WARNING * * *
The yak gores you!
You die...

########## #........#
######........####
....)'........'†@##########
##.))#........##Y#........#
##.###........##.#.######.#
#..# #........##.#.######.#
...# #........##.#.#....#.#
...# #........##.#.#.##.#.#
._.#############.#.#.<#.#.#
......# #.#.#..#.#.#
......# #.#.#..#.#.#


You could see a yak.

Vanquished Creatures
  A yak (D:7)
  A steam dragon (D:7)
  2 water moccasins
  An ice beast (D:6)
  2 sky beasts
  2 black bears
  3 orc warriors
  A kobold brigand (D:5)
  4 bullfrogs
  3 scorpions
  2 gnoll sergeants
  2 howler monkeys (D:7)
  An electric eel (D:7)
  4 hounds
  A jelly (D:5)
  5 orc priests
  7 orc wizards
  2 sleepcaps
  6 iguanas
  7 gnolls
  6 adders
  A shadow imp (D:7)
  2 ufetubi (D:6)
  3 worms
  9 dart slugs
  34 orcs
  6 bats
  6 endoplasms
  6 giant cockroaches
  11 hobgoblins
  4 jackals (D:1)
  3 quokkas
  8 ball pythons
  6 frilled lizards
  14 goblins
  8 kobolds
  5 rats
  A butterfly (D:7)
190 creatures vanquished.

Vanquished Creatures (others)
  A hobgoblin (D:1)
1 creature vanquished.

Grand Total: 191 creatures vanquished

Notes
Turn   | Place    | Note
-------+----------+-------------------------------------------
     0 | D:5      | Kurtz the Naga Delver began the quest for the Orb.
     0 | D:5      | Reached XP level 1. HP: 21/21 MP: 1/1
    11 | D:4      | Noticed an iguana
    11 | D:4      | Noticed an iguana
   173 | D:2      | Reached XP level 2. HP: 28/28 MP: 2/2
   207 | D:1      | Reached skill level 3 in Axes
   316 | D:1      | Reached XP level 3. HP: 12/34 MP: 3/3
   622 | D:1      | Reached skill level 4 in Axes
   788 | D:1      | Found a faded altar of an unknown god.
   894 | D:1      | Reached XP level 4. HP: 33/42 MP: 4/4
  1330 | D:2      | Identified the +3 hand axe of the Nurturing Augurer {heavy,
                  | rN+}
  1333 | D:2      | Identified the +1 pair of gloves of Hedge Wizardry {rC+
                  | Str+3 Int-5 Stlth+}
  1824 | D:3      | Reached skill level 5 in Axes
  1967 | D:3      | Reached XP level 5. HP: 49/49 MP: 5/5
  2627 | D:4      | Noticed a black bear
  2632 | D:4      | Killed a black bear
  2633 | D:4      | Reached skill level 6 in Axes
  2633 | D:4      | Reached XP level 6. HP: 47/56 MP: 6/6
  2854 | D:4      | Found an iron altar of Okawaru.
  2944 | D:4      | Found a bloodstained altar of Trog.
  3037 | D:4      | Reached skill level 7 in Axes
  3245 | D:4      | Reached XP level 7. HP: 62/62 MP: 7/7
  3451 | D:5      | Reached skill level 8 in Axes
  3672 | D:5      | HP: 3/62 [kobold brigand/+2 whip of venom (6)]
  3931 | D:5      | Reached skill level 9 in Axes
  3931 | D:5      | Reached XP level 8. HP: 64/69 MP: 8/8
  3952 | D:5      | Identified the +9 trident "Cairphat" {flame, rElec Dex+3
                  | SInv Stlth+}
  4224 | D:5      | Found a sparkling altar of Nemelex Xobeh.
  4301 | D:5      | Found a staircase to the Ecumenical Temple.
  4324 | Temple   | Entered the Ecumenical Temple
  4546 | D:6      | Reached skill level 1 in Armour
  5395 | D:6      | Reached XP level 9. HP: 65/79 MP: 9/9
  6142 | D:7      | Reached skill level 5 in Fighting
  6365 | D:7      | Reached skill level 5 in Armour
  6463 | D:7      | Found a shimmering altar of Xom.
  6895 | D:7      | Slain by a yak

Illustrated notes

Levels and vault maps discovered:
D:1:      ncdulo_smallfort, layout_loops_ring,
          hellmonk_ecumenical_altar_prayer_group, minmay_split_cup_large
D:2:      layout_rooms
D:3:      cheibrodos_greedy_goblins, layout_loops_ring, palyth_stone_intersect,
          nrook_uturn
D:4:      layout_rooms, mainiacjoe_overflow_six_doors_small,
          kennysheep_okawaru_gauntlet
D:5:      layout_cave_pools, amcnicky_altar_gilded, minmay_temple_entry_trees,
          minmay_misc_feat_square, kennysheep_nondescript,
          nicolae_zig_zag_zippers
D:6:      layout_basic
D:7:      layout_basic, xom_butterflies, kennysheep_minor_cross
D:8:      wad_statue_garden, layout_cave_pools, mainiacjoe_overflow_brackets,
          zin_scriptorium
Temple:   nicolae_temple_slightly_damp_pantheon

Skill      XL: |  1  2  3  4  5  6  7  8  9 |
---------------+----------------------------+-----
Axes           | 3 4 5 6 7 9 |  9.2
Armour         | 3 5 |  5.8
Dodging        | 2 3 |  3.6
Fighting       | 4 6 |  6.0
Stealth        | |  7.2

Action                     |  1- 3 |  4- 6 |  7- 9 || total
---------------------------+-------+-------+-------++-------
  Melee: Hand axe          |   144 |   106 |   222 ||   472
         Punch             |     1 |     1 |     2 ||     4
         Whip              |       |       |     2 ||     2
         Trident           |       |       |    40 ||    40
  Throw: Boomerang         |       |       |     2 ||     2
Ability: Spit Poison       |       |     7 |     4 ||    11
  Evoke: Wand              |       |       |     5 ||     5
    Use: Scroll            |     1 |       |       ||     1
         Potion            |     1 |       |     6 ||     7
   Stab: Sleeping          |     3 |    12 |     9 ||    24
         Invisible         |     3 |       |       ||     3
         Paralysed         |       |       |     2 ||     2
 Armour: Leather armour    |    96 |     3 |       ||    99
         Ring mail         |       |    12 |       ||    12
         Scale mail        |       |    81 |    88 ||   169
         Plate armour      |       |       |   146 ||   146
  Dodge: Dodged            |    95 |    70 |   110 ||   275

Table legend: (Time is in decaauts)
 A = Elapsed time spent in this place.
 B = Non-inter-level travel time spent in this place.
 C = Inter-level travel time spent in this place.
 D = Time resting spent in this place.
 E = Time spent auto-exploring this place.
 F = Levels seen in this place.
 G = Mean time per level.
                   A        B        C        D        E       F      G
               +--------+--------+--------+--------+--------+-----+--------+
         Total |   8644 |   8146 |    498 |   1298 |   5147 |   9 |  960.4 |
       Dungeon |   8617 |   8146 |    471 |   1298 |   5147 |   8 | 1077.1 |
        Temple |     27 |      0 |     27 |      0 |      0 |   1 |   27.0 |
               +--------+--------+--------+--------+--------+-----+--------+

Top non-repeatable levels by time:
     D:6: 1714 daAuts
     D:1: 1392 daAuts
     D:4: 1285 daAuts
     D:7: 1219 daAuts
     D:3: 1102 daAuts
     D:5: 1059 daAuts
     D:2: 837 daAuts
  Temple: 27 daAuts
     D:8: 5 daAuts
